 Dungeon Crawl Stone Soup version 0.28-a0-895-g6e5f11bd55 (webtiles) character file.

Game seed: 4812265023277828044

93760 croobank the Protected (level 16, -6/120 (126) HPs)
             Began as a Hill Orc Fighter on Nov 21, 2021.
             Was the Champion of Beogh.
             Blown up by a lich (17 damage)
             ... with a wavering orb of destruction
             ... on level 13 of the Dungeon on Nov 23, 2021.
             The game lasted 05:45:28 (30219 turns).

croobank the Protected (Hill Orc Fighter)          Turns: 30219, Time: 05:45:29

HP:   -6/120 (126)  AC: 28    Str: 32    XL:     16   Next: 9%
MP:   0/8           EV:  8    Int:  8    God:    Beogh [******]
Gold: 270           SH: 19    Dex: 10    Spells: 26/26 levels left

rFire   . . .      SeeInvis .   X - +2 spear (antimagic)
rCold   . . .      Faith    .   q - +3 kite shield
rNeg    . . .      Spirit   .   C - +4 plate armour
rPois   +          Reflect  +   (no helmet)
rElec   .          Harm     .   v - +2 cloak
rCorr   +          Rampage  .   z - +1 pair of gloves
Will    ++...                   r - +1 pair of boots
Stlth   ..........              g - amulet of reflection
HPRegen 0.30/turn               U - ring of resist corrosion
MPRegen 0.11/turn               k - ring of the Doge {rPois Will+ rCorr Str+6 Slay+2}

@: slowed, studying Shields, lightly drained, very slow
A: walk on water
a: Renounce Religion, Smiting, Recall Orcish Followers, Give Item to Named
Follower, Resurrection


You were on level 13 of the Dungeon.
You worshipped Beogh.
Beogh was exalted by your worship.
You visited 4 branches of the dungeon, and saw 22 of its levels.
You also visited: Bailey.

You collected 2304 gold pieces.
You spent 2034 gold pieces at shops.

Inventory:

Hand Weapons
 a - the +11 trident of Integrity {vorpal, rPois rN+++ Str-5 Stlth+}
   (You found it on level 7 of the Dungeon)

   It inflicts extra damage upon your enemies.
   Str:       It affects your strength (-5).
   rPois:     It protects you from poison.
   rN:        It renders you almost immune to negative energy.
   Stlth:     It makes you more stealthy.
 b - the +6 hunting sling of Wiara {flame, rF+ rN+}
   (You found it on level 4 of the Dungeon)

   Any ammunition fired from it burns those it strikes, dealing additional fire
   damage.
   rF:        It protects you from fire.
   rN:        It protects you from negative energy.
 e - the +8 hand axe "Bonejaoryz" {vamp, rPois rF- Int+8}
   (You found it on level 10 of the Dungeon)

   It occasionally heals its wielder for a portion of the damage dealt when it
   wounds a living foe.
   Int:       It affects your intelligence (+8).
   rF:        It makes you vulnerable to fire.
   rPois:     It protects you from poison.
 i - the +10 quarterstaff "Thing" {vorpal, rF+}
   (You found it on level 10 of the Dungeon)

   It inflicts extra damage upon your enemies.
   rF:        It protects you from fire.
 B - a +5 eveningstar
 I - a +3 vorpal dagger
 O - a +4 dire flail of draining
 X - a +2 antimagic spear (weapon)
Missiles
 c - 4 silver boomerangs (quivered)
 s - 146 sling bullets
 x - 6 boomerangs of dispersal
 y - 4 silver javelins
Armour
 q - a +3 kite shield (worn)
 r - a +1 pair of boots (worn)
 v - a +2 cloak (worn)
 z - a +1 pair of gloves (worn)
 C - a +4 plate armour (worn)
Jewellery
 f - a +4 ring of protection
 g - an amulet of reflection (around neck)
 k - the ring of the Doge (right hand) {rPois Will+ rCorr Str+6 Slay+2}
   (You bought it in a shop on level 2 of the Orcish Mines)

   [ring of strength]

   Str:       It affects your strength (+6).
   Slay:      It affects your accuracy & damage with ranged weapons and melee
   (+2).
   rPois:     It protects you from poison.
   rCorr:     It protects you from acid and corrosion.
   Will:      It increases your willpower.
 p - a +6 ring of intelligence
 u - a ring of flight
 A - the ring of the Ban {Fire rElec}
   (You found it on level 5 of the Dungeon)

   [ring of fire]

   It enhances your fire magic.
   rF:        It protects you from fire.
   rC:        It makes you vulnerable to cold.
   rElec:     It insulates you from electricity.
 D - a +6 ring of strength
 E - a ring of willpower
 U - a ring of resist corrosion (left hand)
 Z - the ring "Kez Zaok" {Ice Drain MP+9 Dex+7}
   (You acquired it on level 1 of the Orcish Mines)

   [ring of ice]

   It enhances your ice magic.
   Dex:       It affects your dexterity (+7).
   rF:        It makes you vulnerable to fire.
   rC:        It protects you from cold.
   MP:        It affects your magic capacity (+9).
   Drain:     It drains your maximum health when unequipped.
Wands
 d - a wand of paralysis (28)
 l - a wand of charming (4)
 m - a wand of mindburst (32)
 G - a wand of flame (15)
 N - a wand of iceblast (21)
Scrolls
 n - 8 scrolls of teleportation
 o - a scroll of holy word
 H - 5 scrolls of immolation
 L - 5 scrolls of magic mapping
 M - 2 scrolls of summoning
 P - a scroll of silence
 S - 4 scrolls of fog
 W - 2 scrolls of noise
 Y - a scroll of amnesia
Potions
 h - 5 potions of flight
 j - a potion of resistance
 w - 11 potions of brilliance
 F - 3 potions of mutation
 J - 3 potions of curing
 Q - 3 potions of magic
 T - 3 potions of haste
 V - 2 potions of ambrosia


   Skills:
 - Level 7.0 Fighting
 - Level 1.4(1.8) Short Blades
 - Level 1.7(2.1) Long Blades
 - Level 11.2(14.6) Axes
 - Level 1.6(6.3) Maces & Flails
 - Level 12.7(14.0) Polearms
 - Level 1.2(7.0) Staves
 - Level 5.4(7.5) Slings
 - Level 1.2 Bows
 - Level 1.2 Crossbows
 * Level 8.0(8.8) Throwing
 + Level 13.5 Armour
 - Level 1.2 Dodging
 - Level 1.0 Stealth
 - Level 12.0 Shields
 - Level 0.7 Unarmed Combat
 * Level 5.5 Spellcasting
 * Level 4.9 Conjurations
 - Level 1.4 Hexes
 - Level 1.4 Summonings
 - Level 1.4 Necromancy
 - Level 1.1 Translocations
 - Level 1.0 Transmutations
 - Level 4.3 Fire Magic
 - Level 1.2 Ice Magic
 - Level 1.1 Air Magic
 - Level 1.4 Earth Magic
 - Level 1.2 Poison Magic
 - Level 3.2 Invocations
 - Level 1.5 Evocations


You had 26 spell levels left.
You didn't know any spells.
Your spell library contained the following spells:

 Spells                   Type           Power      Damage    Failure   Level
 Foxfire                  Conj/Fire      36%        2x1d5     28%         1
 Static Discharge         Conj/Air       7%         N/A       63%         2
 Conjure Flame            Conj/Fire      9%         6-21      65%         3
 Slow                     Hex            16%        N/A       73%         1
 Summon Small Mammal      Summ           16%        N/A       73%         1
 Sting                    Tmut/Pois      16%        1d3       77%         1
 Dazzling Flash           Conj/Hex       14%        N/A       83%         3
 Stone Arrow              Conj/Erth      14%        3d7       83%         3
 Poisonous Vapours        Pois/Air       8%         N/A       87%         2
 Inner Flame              Hex/Fire       6%         N/A       87%         3
 Ignite Poison            Fire/Tmut/Pois 5%         N/A       93%         3
 Flame Wave               Conj/Fire      9%         3d4       96%         4
 Sticky Flame             Conj/Fire      9%         2d3       96%         4
 Call Canine Familiar     Summ           4%         N/A       97%         3
 Confusing Touch          Hex            4%         N/A       97%         3
 Summon Guardian Golem    Hex/Summ       4%         N/A       97%         3
 Vampiric Draining        Necr           4%         2d6       97%         3
 Ozocubu's Armour         Ice            4%         N/A       98%         3
 Portal Projectile        Hex/Tloc       8%         N/A       98%         3
 Iskenderun's Mystic Bla  Conj/Tloc      7%         2d4       99%         4
 Airstrike                Air            2%         N/A       100%        4
 Animate Armour           Summ/Erth      8%         N/A       100%        4
 Leda's Liquefaction      Hex/Erth       2%         N/A       100%        4
 Olgreb's Toxic Radiance  Pois           4%         N/A       100%        4
 Summon Lightning Spire   Summ/Air       4%         N/A       100%        4
 Agony                    Necr           4%         N/A       100%        5
 Fireball                 Conj/Fire      4%         3d4       100%        5
 Irradiate                Conj/Tmut      3%         3d14      100%        5
 Iskenderun's Battlesphe  Conj           10%        2d6       100%        5
 Lightning Bolt           Conj/Air       3%         1d15      100%        5
 Metabolic Englaciation   Hex/Ice        2%         N/A       100%        5
 Silence                  Hex/Air        2%         N/A       100%        5
 Summon Forest            Summ/Tloc      2%         N/A       100%        5
 Summon Mana Viper        Hex/Summ       4%         N/A       100%        5
 Conjure Ball Lightning   Conj/Air       3%         3x3d6     100%        6
 Dispersal                Tloc           2%         N/A       100%        6
 Simulacrum               Ice/Necr       2%         N/A       100%        6
 Starburst                Conj/Fire      4%         6d4       100%        6
 Summon Cactus Giant      Summ           2%         N/A       100%        6
 Orb of Destruction       Conj           5%         9d2       100%        7
 Spellforged Servitor     Conj/Summ      3%         N/A       100%        7
 Disjunction              Tloc           2%         N/A       100%        8
 Lehudib's Crystal Spear  Conj/Erth      3%         10d3      100%        8
 Maxwell's Capacitive Co  Air            2%         ∞         100%        8
 Fire Storm               Conj/Fire      4%         8d1       100%        9


Dungeon Overview and Level Annotations

Branches:
Dungeon (13/15)            Temple (1/1) D:5            Lair (6/6) D:8
 Shoals (0/4) Lair:4        Snake (0/4) Lair:3        Slime (0/5) Lair:5
    Orc (2/2) D:10            Elf (0/3) Orc:2        Vaults (0/5) D:13
 Bailey (visited)

Altars:
Ashenzari
Cheibriados
Dithmenos
Elyvilon
Fedhas
Gozag
Hepliaklqana
Kikubaaqudgha
Makhleb
Nemelex Xobeh
Okawaru
Qazlal
Ru
Sif Muna
Trog
Uskayaw
Vehumet
Wu Jian
Xom
Yredelemnul
Zin
The Shining One
Beogh

Shops:
D:5 !   D:6 (   D:9 *   Orc:2 [(*=


Message History

Press: ? - help, Dir - move target You smite something!
Something touches you but does no damage.
Wardok roars a battlecry!
Saint Roka goes into a battle-frenzy!
Saint Roka calls down the wrath of Beogh upon Guoxigoqam's ghost.
Guoxigoqam's ghost is smitten.
Guoxigoqam's ghost is destroyed!
Beogh accepts your kill.
Something conjures a glowing orb.
The wavering orb of destruction weakly hits you!
* * * LOW HITPOINT WARNING * * *
Something hits Saint Roka but does no damage.
You feel much better.
Wardok hits something from afar with a +0 bardiche!!
Beogh accepts your kill.
You feel a bit more experienced.
Something touches you but does no damage.
You feel better. Something touches you!
You feel drained.
You hear some strange, mumbled words.
You feel yourself slow down.
Aiming: Smiting
Press: ? - help, Dir - move target You smite something!
You hear some strange, mumbled words.
Something tries to affect you, but you resist.
Something conjures a glowing orb.
The wavering orb of destruction weakly hits you!!!
* * * LOW HITPOINT WARNING * * *
Okay, then.
Okay, then.
Okay, then.
You can't see any enemies this would affect, really read the scroll of silence?
Okay, then.
You can't see any enemies this would affect, really read the scroll of holy word?
Okay, then.
You feel better.
Something conjures a glowing orb.
The wavering orb of destruction weakly hits you!
You die...

.......#######.#.#.#.##
.....#....# ##.#.#.#∩#
.#####.##.## #########
...###.##.o# #....#
....##..##.####....#
..<..##.##....#....#
.....##..####.#....#
.....###.# #......#
..(.## #.# ###.@..#
....####.######.{.###
###.#.(...#.....o##)#
#.............o#.)##
#..............#..=#
#..............'.⌠###
#....(((.......'._)[#
#.....(.(......'.⌠###
#.......(......#..:#


You could see the friendly Saint Roka (strong) and the friendly Wardok the orc
warlord.

Vanquished Creatures
  An orc warlord (Bailey)
  A minotaur (Lair:2)
  Josephine (Lair:4)
  A vault guard (D:13)
  A boulder beetle (D:12)
  Harold (Orc:1)
  A catoblepas (Lair:6)
  A centaur warrior (D:13)
  3 hydras
  Fannar (Lair:2)
  A two-headed ogre (D:9)
  5 death yaks
  A skeletal warrior (D:13)
  3 orc knights
  2 ugly things
  A cyclops (D:13)
  5 elephants
  5 black mambas
  9 cane toads
  A kobold demonologist (D:9)
  4 komodo dragons
  3 trolls
  2 hornets (Lair:6)
  4 polar bears
  A dream sheep (Lair:6)
  4 blink frogs
  34 yaks
  3 wyverns
  4 spriggans (Lair:6)
  A wraith (Lair:4)
  Grum (D:11)
  3 basilisks
  3 vampire mosquitoes (D:12)
  2 two-headed ogre zombies (D:10)
  4 wargs
  10 water moccasins
  2 acid dragons (D:12)
  4 orc warriors
  2 sky beasts
  A black bear (D:7)
  An ice beast (D:8)
  17 wolves
  6 ogres
  11 centaurs
  3 boggarts (Lair:6)
  3 phantoms (D:10)
  9 kobold brigands
  3 scorpions
  A gnoll sergeant (D:13)
  13 bullfrogs
  2 water moccasin skeletons (D:5)
  The ghost of SirDiesAlot the Skirmisher, a weakling MiDe (D:5)
  7 killer bees
  3 wights (D:7)
  6 electric eels
  9 howler monkeys
  2 centaur zombies
  A lava snake (D:7)
  2 bullfrog zombies
  3 hounds
  6 orc priests
  3 bullfrog skeletons (D:5)
  3 centaur skeletons
  Crazy Yiuf (D:3)
  2 jellies
  A water moccasin simulacrum (D:5)
  Ijyb (D:3)
  Jessica (D:2)
  2 gnoll shamans
  4 orc wizards
  Terence (D:3)
  An iguana (D:6)
  Natasha (twice) (D:2)
  3 hell rats (Lair:2)
  A killer bee zombie (D:6)
  2 ogre zombies (D:10)
  A hound zombie (D:5)
  A hound skeleton (D:4)
  A howler monkey zombie (D:6)
  Robin (D:2)
  14 gnolls
  8 adders
  A howler monkey skeleton (D:5)
  5 river rats (Lair:2)
  3 hound simulacra (D:5)
  4 shadow imps
  2 white imps
  An adder skeleton (D:4)
  A worm (D:2)
  2 dart slugs
  16 orcs
  A bat (D:3)
  14 endoplasms
  3 giant cockroaches
  11 goblins
  8 hobgoblins
  2 jackals (D:3)
  2 quokkas
  3 ball pythons
  4 frilled lizards
  2 goblin skeletons (D:10)
  A hobgoblin zombie (D:10)
  33 kobolds
  8 kobold skeletons (D:9)
  9 kobold zombies (D:9)
  2 orc skeletons (D:10)
  9 orc zombies (D:10)
  10 rats
457 creatures vanquished.

Vanquished Creatures (collateral kills)
  A lich (D:13)
  The ghost of Cehut the Warrior, a journeyman VSFi of Wu Jian (Orc:1)
  The ghost of Ejaov the Thaumaturge, a journeyman GnWr of Kikubaaqudgha (D:13)
  The ghost of Guoxigoqam the Grappler, a journeyman DrTm of Gozag (D:13)
  The ghost of Qihuler the Eclecticist, a journeyman DEWz of Vehumet (D:13)
  A catoblepas (Lair:3)
  6 hydras
  The ghost of Elogroes the Frost Mage, a journeyman GrCK of Nemelex Xobeh (D:12)
  6 death yaks
  2 two-headed ogres
  3 centaur warriors (D:13)
  An orc high priest (Orc:1)
  Urug (Orc:2)
  A tengu warrior (D:12)
  2 orc knights
  An orc sorcerer (Orc:2)
  4 ugly things (D:13)
  A moth of wrath (D:12)
  8 elephants
  A black mamba (Lair:3)
  A torpor snail (Lair:5)
  A gargoyle (D:13)
  8 cane toads
  7 komodo dragons
  2 rime drakes (Lair:6)
  3 hornets
  4 polar bears
  5 trolls
  3 blink frogs (Lair:4)
  10 spriggans (Lair:6)
  3 wyverns
  4 wraiths
  19 yaks
  2 basilisks
  2 wargs (Orc:2)
  An acid dragon (D:11)
  12 water moccasins
  3 black bears (Lair:6)
  6 orc warriors
  A boggart (Lair:6)
  12 wolves
  4 centaurs
  A scorpion (D:7)
  2 bullfrogs (Lair:5)
  7 killer bees
  A jelly (Lair:5)
  3 orc priests (Orc:2)
  7 orc wizards
  4 ogre zombies (D:10)
  4 gnolls
  7 orcs
  2 goblins (Bailey)
  8 kobolds
  A goblin skeleton (D:10)
  2 goblin zombies (D:10)
  2 hobgoblin skeletons (D:10)
  3 hobgoblin zombies (D:10)
  3 orc zombies (D:10)
  A butterfly (Lair:6)
215 creatures vanquished.

Vanquished Creatures (others)
  2 orc high priests
  An orc knight (D:13)
  An orc sorcerer (Orc:2)
  20 orc warriors
  9 orc priests
  12 orc wizards
  33 orcs
  25 fungi
  43 plants
146 creatures vanquished.

Grand Total: 818 creatures vanquished

Notes
Turn   | Place    | Note
-------+----------+-------------------------------------------
     0 | D:1      | croobank the Hill Orc Fighter began the quest for the Orb.
     0 | D:1      | Reached XP level 1. HP: 19/19 MP: 1/1
   115 | D:1      | Found a faded altar of an unknown god.
   337 | D:1      | Reached XP level 2. HP: 11/27 MP: 2/2
  1221 | D:2      | Reached XP level 3. HP: 24/33 MP: 3/3
  1562 | D:2      | You fall into a shaft and drop 1 floor!
  1840 | D:3      | Noticed Terence
  1841 | D:3      | Noticed Ijyb
  1849 | D:3      | Killed Ijyb
  1850 | D:3      | Reached skill level 4 in Armour
  1850 | D:3      | Reached XP level 4. HP: 34/40 MP: 4/4
  1857 | D:3      | Killed Terence
  2019 | D:3      | Reached XP level 5. HP: 40/46 MP: 5/5
  2025 | D:3      | Reached skill level 5 in Axes
  2141 | D:3      | Became a worshipper of Beogh the Brigand
  2291 | D:3      | Found a runed translucent door.
  2292 | D:3      | Noticed Crazy Yiuf
  3179 | D:4      | Reached XP level 6. HP: 41/53 MP: 6/6
  3524 | D:4      | Identified the +6 hunting sling of Wiara {flame, rF+ rN+}
  3682 | D:4      | Reached XP level 7. HP: 55/60 MP: 7/7
  3882 | D:5      | Entered Level 5 of the Dungeon
  3903 | D:5      | Reached skill level 5 in Armour
  3956 | D:5      | Noticed SirDiesAlot's ghost (weakling MiDe)
  3981 | D:5      | Found a runed translucent gate.
  3981 | D:5      | Found a runed translucent gate.
  3981 | D:5      | Found a runed translucent gate.
  4128 | D:2      | Noticed Natasha
  4135 | D:2      | Killed Natasha
  4193 | D:2      | Reached * piety under Beogh
  4204 | D:2      | Noticed Natasha
  4208 | D:2      | Killed Natasha
  4282 | D:2      | Noticed Robin
  4285 | D:2      | Killed Robin
  4333 | D:2      | Noticed Jessica
  4340 | D:2      | Killed Jessica
  4341 | D:2      | Reached skill level 5 in Fighting
  4548 | D:2      | Found a basalt altar of Yredelemnul.
  5001 | D:3      | Killed Crazy Yiuf
  5284 | D:5      | Reached skill level 1 in Dodging
  5310 | D:5      | Reached skill level 5 in Shields
  5435 | D:5      | Found Vuwe's Distillery.
  5454 | D:5      | Bought a potion of heal wounds for 55 gold pieces
  5454 | D:5      | Bought a potion of heal wounds for 55 gold pieces
  5785 | D:5      | Reached XP level 8. HP: 67/69 MP: 8/8
  5982 | D:5      | Reached skill level 1 in Spellcasting
  5982 | D:5      | Reached skill level 1 in Conjurations
  5982 | D:5      | Reached skill level 1 in Fire Magic
  6564 | D:5      | Killed SirDiesAlot's ghost
  6582 | D:5      | Reached ** piety under Beogh
  6656 | D:5      | Identified the ring of the Ban {Fire rElec}
  6718 | D:5      | Found a staircase to the Ecumenical Temple.
  6768 | Temple   | Entered the Ecumenical Temple
  7348 | D:6      | Reached XP level 9. HP: 75/75 MP: 11/11
  7383 | D:6      | Found Vuikedus's Antique Weapon Boutique.
  7773 | D:6      | Reached skill level 1 in Slings
  8140 | D:6      | Reached skill level 10 in Axes
  8547 | D:7      | Reached *** piety under Beogh
  9566 | D:7      | Identified the +11 trident of Integrity {vorpal, rPois
                  | rN+++ Str-5 Stlth+}
  9752 | D:7      | Reached XP level 10. HP: 84/84 MP: 13/13
 10000 | D:8      | Reached skill level 1 in Polearms
 10000 | D:8      | Reached skill level 1 in Stealth
 10424 | D:8      | Noticed a death yak
 10425 | D:8      | Found a staircase to the Lair.
 10425 | D:8      | Noticed a death yak
 10425 | D:8      | Noticed a death yak
 10436 | D:8      | Killed a death yak
 10437 | D:8      | Reached skill level 5 in Polearms
 10827 | D:8      | Killed a death yak
 11112 | D:8      | Killed a death yak
 11112 | D:8      | Reached **** piety under Beogh
 11678 | Lair:1   | Entered Level 1 of the Lair of Beasts
 11694 | D:8      | Reached XP level 11. HP: 61/92 MP: 15/15
 11722 | D:8      | Reached skill level 10 in Polearms
 12466 | Lair:1   | Upgraded the game from 0.28-a0-883-gc8d7bad45d to
                  | 0.28-a0-895-g6e5f11bd55
 13548 | Lair:1   | You fall into a shaft and drop 1 floor!
 13878 | Lair:2   | Reached skill level 1 in Throwing
 14097 | Lair:2   | Noticed a five-headed hydra
 14118 | Lair:1   | Killed a five-headed hydra
 14493 | Lair:2   | Reached XP level 12. HP: 100/100 MP: 16/16
 14684 | Lair:2   | Found a runed translucent door.
 14685 | Lair:2   | Noticed Fannar
 14926 | D:9      | Reached skill level 5 in Throwing
 15098 | D:9      | Gained Urtork as an ally
 15120 | D:9      | Reached ***** piety under Beogh
 15216 | D:9      | Found a stormy altar of Qazlal.
 15282 | D:9      | Noticed a two-headed ogre
 15292 | D:9      | Killed a two-headed ogre
 15355 | D:9      | Noticed an angel
 15359 | D:9      | Found Ennacas's Hallowed Reliquary.
 15367 | D:9      | Bought 2 potions of heal wounds for 160 gold pieces
 15367 | D:9      | Bought 4 silver boomerangs for 96 gold pieces
 15444 | D:9      | Your ally Urtork died
 15830 | D:9      | Found an ancient bone altar of Kikubaaqudgha.
 16025 | D:10     | Entered Level 10 of the Dungeon
 16047 | D:10     | Found a staircase to the Orcish Mines.
 16141 | D:10     | Found a flagged portal.
 16151 | D:10     | Identified the +8 hand axe "Bonejaoryz" {vamp, rPois rF-
                  | Int+8}
 16158 | Bailey   | Entered a bailey
 16208 | Bailey   | Noticed an orc warlord
 16263 | Bailey   | Gained Bolgrim as an ally
 16289 | Bailey   | Found a runed translucent gate.
 16296 | Bailey   | Found a runed translucent gate.
 16300 | Bailey   | Found a runed translucent gate.
 16321 | Bailey   | Your ally Bolgrim died
 16688 | Bailey   | Killed an orc warlord
 16689 | Bailey   | Reached skill level 5 in Slings
 16882 | Bailey   | Got the Collected Works on Confrontation
 16892 | Bailey   | Reached skill level 1 in Short Blades
 16892 | Bailey   | Reached skill level 1 in Long Blades
 16892 | Bailey   | Reached skill level 1 in Maces & Flails
 16892 | Bailey   | Reached skill level 1 in Staves
 16892 | Bailey   | Reached skill level 1 in Bows
 16892 | Bailey   | Reached skill level 1 in Crossbows
 16892 | Bailey   | Reached skill level 1 in Hexes
 16892 | Bailey   | Reached skill level 1 in Summonings
 16892 | Bailey   | Reached skill level 1 in Necromancy
 16892 | Bailey   | Reached skill level 1 in Translocations
 16892 | Bailey   | Reached skill level 1 in Transmutations
 16892 | Bailey   | Reached skill level 1 in Ice Magic
 16892 | Bailey   | Reached skill level 1 in Air Magic
 16892 | Bailey   | Reached skill level 1 in Earth Magic
 16892 | Bailey   | Reached skill level 1 in Poison Magic
 16892 | Bailey   | Reached skill level 1 in Evocations
 16892 | Bailey   | Reached XP level 13. HP: 105/105 MP: 17/17
 16909 | Bailey   | Reached skill level 7 in Armour
 16909 | Bailey   | Reached skill level 5 in Spellcasting
 16909 | Bailey   | Reached XP level 14. HP: 113/113 MP: 17/21
 17447 | D:10     | Identified the +10 quarterstaff "Thing" {vorpal, rF+}
 17614 | D:10     | Reached skill level 8 in Armour
 17789 | D:9      | Bought a potion of heal wounds for 80 gold pieces
 17789 | D:9      | Bought a potion of heal wounds for 80 gold pieces
 17990 | Lair:2   | Killed Fannar
 18714 | Lair:3   | Gained Wardok as an ally
 18717 | Lair:3   | Reached skill level 9 in Armour
 19423 | Lair:3   | Found a staircase to the Snake Pit.
 19863 | Lair:4   | Reached skill level 10 in Armour
 19965 | Lair:4   | Reached ****** piety under Beogh
 19989 | Lair:4   | Found a staircase to the Shoals.
 20568 | Lair:4   | Noticed Josephine
 20573 | Lair:4   | Killed Josephine
 20574 | Lair:4   | Reached XP level 15. HP: 105/118 MP: 22/22
 21430 | Lair:5   | Found a staircase to the Slime Pits.
 21693 | Lair:5   | Reached skill level 11 in Armour
 22295 | Lair:6   | Entered Level 6 of the Lair of Beasts
 22528 | Lair:6   | Reached skill level 10 in Shields
 23632 | Lair:6   | Reached skill level 12 in Armour
 24382 | Orc:1    | Entered Level 1 of the Orcish Mines
 24427 | Orc:1    | Noticed Harold
 24458 | Orc:1    | Killed Harold
 25118 | Orc:1    | Found a runed translucent gate.
 25118 | Orc:1    | Found a runed translucent gate.
 25118 | Orc:1    | Noticed Cehut's ghost (journeyman VSFi)
 25119 | Orc:1    | Found a runed translucent gate.
 25134 | Orc:1    | Killed Cehut's ghost
 25422 | Orc:2    | Entered Level 2 of the Orcish Mines
 25480 | Orc:2    | Noticed Urug
 25501 | Orc:2    | Noticed Saint Roka
 25507 | Orc:2    | HP: 4/118 [Saint Roka/divine providence (11)]
 26036 | Orc:1    | Identified 2 scrolls of acquirement
 26036 | Orc:1    | Acquired the ring "Kez Zaok" {Ice Drain MP+9 Dex+7}
 26778 | Orc:2    | Killed Urug
 26949 | Orc:2    | Found a roughly hewn altar of Beogh.
 27001 | Orc:2    | Found Qiosegan's Jewellery Boutique.
 27015 | Orc:2    | Bought the ring of the Doge {rPois Will+ rCorr Str+6
                  | Slay+2} for 1160 gold pieces
 27025 | Orc:2    | Found Ozecuc's Antique Weapon Boutique.
 27042 | Orc:2    | Found Zoqoi's Antique Armour Boutique.
 27324 | Orc:2    | Gained Wulfoc as an ally
 27369 | Orc:2    | Found a staircase to the Elven Halls.
 27402 | Orc:2    | Found Kuiwenle's General Store.
 27408 | Orc:2    | Bought a wand of iceblast (9) for 221 gold pieces
 27408 | Orc:2    | Bought a scroll of enchant armour for 127 gold pieces
 27949 | D:11     | Noticed Grum
 27959 | D:11     | Killed Grum
 28423 | D:12     | Identified the +4 morningstar of Inconvenience {drain,
                  | rElec Will- Str+3 Int+2}
 28638 | D:12     | Noticed Elogroes's ghost (journeyman GrCK)
 28639 | D:12     | Found a bloodstained altar of Trog.
 28653 | D:12     | Found a transporter.
 28655 | D:12     | Found a transporter.
 28681 | D:12     | Your ally Wulfoc died
 28686 | D:12     | Killed Elogroes's ghost
 28691 | D:12     | Reached skill level 13 in Armour
 28721 | D:12     | Acquired a manual of Shields
 29200 | D:13     | Found a runed translucent gate.
 29200 | D:13     | Found a runed translucent gate.
 29200 | D:13     | Found a runed translucent gate.
 29212 | D:13     | Found an ancient bone altar of Kikubaaqudgha.
 29213 | D:13     | Noticed Qihuler's ghost (journeyman DEWz)
 29213 | D:13     | Noticed Ejaov's ghost (journeyman GnWr)
 29213 | D:13     | Noticed Guoxigoqam's ghost (journeyman DrTm)
 29213 | D:13     | Noticed a lich
 29213 | D:13     | Noticed a lich
 29766 | D:13     | Reached XP level 16. HP: 126/126 MP: 24/24
 29970 | D:13     | Found a gate to the Vaults.
 30209 | D:13     | Killed Qihuler's ghost
 30209 | D:13     | Killed a lich
 30215 | D:13     | Killed Guoxigoqam's ghost
 30216 | D:13     | Killed Ejaov's ghost
 30218 | D:13     | HP: 1/120 [disintegration (39)]
 30219 | D:13     | Blown up by a lich

Illustrated notes

Levels and vault maps discovered:
D:1:      dpeg_arrival_court, layout_basic, shapermc_ecumenical_altar_gd,
          dk_noncrumbling_3
D:2:      layout_basic, basic_altar, minmay_hexomino_p4, uniq_robin,
          uniq_jessica, uniq_natasha
D:3:      layout_basic, uniq_crazy_yiuf_cottage, uniq_ijyb, uniq_terence
D:4:      layout_basic
D:5:      minmay_razor_zed, layout_loops_ring, minmay_temple_entry_nine_rooms,
          gammafunk_ghost_icy, serial_shops, shop_fountains
D:6:      layout_basic, serial_shops, shop
D:7:      cheibrodos_helix_gallery, layout_basic, nicolae_lava_and_water,
          kennysheep_generic_room_5
D:8:      layout_basic, dpeg_lair_monsters
D:9:      wander_kiku_kobolds, layout_stronghold,
          nicolae_qazlal_scattered_showers, nicolae_good_shop
D:10:     layout_grid_maze, zombieorc2_lemuel, enter_bailey_2
D:11:     layout_roguey, gauntlet_entry_generic, uniq_grum
D:12:     layout_cross, gammafunk_ghost_wrathful_warriors
D:13:     layout_rooms, david_vaults_5, gammafunk_ghost_crypt
Temple:   mainiacjoe_temple_hex_bubbles
Lair:1:   layout_layer_cave, grunt_megastairs_5, lemuel_fruit_tree
Lair:2:   dreamdust_labyrinth, layout_long_grid,
          nicolae_volcano_entry_lava_flow, kennysheep_abandoned_house,
          uniq_fannar
Lair:3:   layout_gridlike, minmay_snake_entry_six_corridors, hibernation_bobbens
Lair:4:   layout_small_grid, minmay_shoals_entry_centaurs, uniq_josephine
Lair:5:   layout_loops_ring, nicolae_slime_entry_slimehenge,
          serial_bayou_shore_b, grunt_megastairs_3
Lair:6:   minmay_lair_end_enchanted_forest, layout_regular_city,
          lemuel_fruit_fields, serial_bayou_shore_a, lemuel_fruit_fields,
          lemuel_fruit_fields
Orc:1:    layout_diamond_mine, gammafunk_ghost_split, uniq_harold
Orc:2:    grunt_orc_cross, layout_caves, uniq_saint_roka

Skill      XL: |  1  2  3  4  5  6  7  8  9 10 11 12 13 14 15 16 |
---------------+-------------------------------------------------+-----
Fighting       | 4 5 6 7 |  7.0
Axes           | 3 4 5 6 7 9 11 | 11.2
Armour         | 4 5 7 10 13 | 13.5
Shields        | 4 5 8 12 | 12.0
Dodging        | 1 |  1.2
Spellcasting   | 1 2 5 |  5.5
Conjurations   | 2 4 |  4.9
Fire Magic     | 2 4 |  4.3
Slings         | 1 2 5 |  5.4
Polearms       | 9 12 | 12.7
Stealth        | 1 |  1.0
Throwing       | 4 6 7 8 |  8.0
Short Blades   | 1 |  1.4
Long Blades    | 1 |  1.7
Maces & Flails | 1 |  1.6
Staves         | 1 |  1.2
Bows           | 1 |  1.2
Crossbows      | 1 |  1.2
Hexes          | 1 |  1.4
Summonings     | 1 |  1.4
Necromancy     | 1 |  1.4
Translocations | 1 |  1.1
Transmutations | 1 |  1.0
Ice Magic      | 1 |  1.2
Air Magic      | 1 |  1.1
Earth Magic    | 1 |  1.4
Poison Magic   | 1 |  1.2
Invocations    | 3 |  3.2
Evocations     | 1 |  1.5
Unarmed Combat | |  0.7

Action                   |  1- 3 |  4- 6 |  7- 9 | 10-12 | 13-15 | 16-18 || total
-------------------------+-------+-------+-------+-------+-------+-------++-------
Melee: War axe           |    99 |   100 |   376 |     8 |       |       ||   583
       Unarmed           |       |       |    25 |       |       |       ||    25
       Trident           |       |       |       |   419 |   454 |    12 ||   885
       Dagger            |       |       |       |       |    41 |       ||    41
       Spear             |       |       |       |       |       |    18 ||    18
 Fire: Hunting sling     |       |       |    64 |   134 |   134 |     5 ||   337
Throw: Stone             |       |       |     1 |     6 |       |       ||     7
       Boomerang         |       |       |       |       |     6 |       ||     6
       Javelin           |       |       |       |       |     4 |       ||     4
Invok: Convert to Beogh  |       |     1 |       |       |       |       ||     1
       Recall Orcish Fol |       |       |       |     4 |     3 |       ||     7
       Smiting           |       |       |       |     2 |     8 |     3 ||    13
       Give Item to Name |       |       |       |     2 |       |       ||     2
Evoke: Wand              |       |       |     3 |     1 |    11 |       ||    15
  Use: Scroll            |     3 |     3 |     7 |     9 |    21 |     1 ||    44
       Potion            |     1 |       |     5 |     3 |    11 |     7 ||    27
 Stab: Distracted        |       |       |       |     2 |     2 |       ||     4
       Sleeping          |       |       |       |     2 |       |       ||     2
Armor: Scale mail        |    26 |    33 |   147 |    72 |       |       ||   278
       Chain mail        |       |       |       |    35 |   165 |       ||   200
       Skin              |       |       |       |     9 |       |       ||     9
       Plate armour      |       |       |       |       |    23 |    29 ||    52
Dodge: Dodged            |    39 |    48 |   119 |    88 |    93 |     2 ||   389
Block: Buckler           |    43 |    51 |       |       |       |       ||    94
       Kite shield       |       |    10 |   303 |   282 |   407 |    25 ||  1027
       Reflection        |       |     1 |     8 |    17 |    34 |     1 ||    61
       Other             |       |       |    12 |       |     1 |       ||    13

Table legend: (Time is in decaauts)
 A = Elapsed time spent in this place.
 B = Non-inter-level travel time spent in this place.
 C = Inter-level travel time spent in this place.
 D = Time resting spent in this place.
 E = Time spent auto-exploring this place.
 F = Levels seen in this place.
 G = Mean time per level.
                   A        B        C        D        E       F      G
               +--------+--------+--------+--------+--------+-----+--------+
         Total |  30196 |  28494 |   1702 |   6830 |  14064 |  23 | 1312.9 |
       Dungeon |  17122 |  16046 |   1076 |   3346 |   8823 |  13 | 1317.1 |
        Temple |    236 |    227 |      9 |      0 |    227 |   1 |  236.0 |
          Lair |   8796 |   8253 |    543 |   1515 |   4009 |   6 | 1466.0 |
  Orcish Mines |   3257 |   3184 |     73 |   1691 |    825 |   2 | 1628.5 |
        Bailey |    783 |    783 |      0 |    278 |    179 |   1 |  783.0 |
               +--------+--------+--------+--------+--------+-----+--------+

Top non-repeatable levels by time:
     D:8: 2391 daAuts
   Orc:1: 2121 daAuts
  Lair:1: 2023 daAuts
     D:5: 1764 daAuts
     D:7: 1735 daAuts
  Lair:6: 1593 daAuts
     D:3: 1552 daAuts
  Lair:2: 1523 daAuts
     D:2: 1426 daAuts
     D:6: 1327 daAuts
  Lair:5: 1292 daAuts
     D:9: 1286 daAuts
  Lair:4: 1262 daAuts
     D:4: 1176 daAuts
   Orc:2: 1136 daAuts
